 Dungeon Crawl Stone Soup version 0.27-a0-1200-g94dc6ad4cf (webtiles) character file.

Game seed: 3557977668512970367

87 lightspider the Covered (level 4, -4/40 HPs)
             Began as a Hill Orc Fighter on June 2, 2021.
             Was an Initiate of Beogh.
             Killed from afar by Sigmund (10 damage)
             ... with a magic dart
             ... on level 3 of the Dungeon.
             The game lasted 00:08:23 (2252 turns).

lightspider the Covered (Hill Orc Fighter)          Turns: 2252, Time: 00:08:24

Health: -4/40      AC: 10    Str: 19    XL:     4   Next: 51%
Magic:  4/4        EV:  5    Int:  8    God:    Beogh [......]
Gold:   103        SH:  9    Dex: 10    Spells: 3/3 levels left

rFire    . . .     SeeInvis .   a - +1 long sword
rCold    . . .     Faith    .   c - +0 kite shield
rNeg     . . .     Spirit   .   l - +0 chain mail
rPois    .         Reflect  .   (helmet restricted)
rElec    .         Harm     .   (no cloak)
rCorr    .         Rampage  .   (no gloves)
Will     .....                  m - +0 pair of boots
Stlth    ..........             (no amulet)
HPRegen  0.13/turn              (no ring)
MPRegen  0.09/turn              (no ring)

@: mighty
A: horns 1, mutation resistance 1
a: Renounce Religion


You were on level 3 of the Dungeon.
You worshipped Beogh.
Beogh was noncommittal.
You visited 1 branch of the dungeon, and saw 3 of its levels.

You collected 163 gold pieces.
You spent 60 gold pieces at shops.

Inventory:

Hand Weapons
 a - a +1 long sword (weapon)
 f - a +4 dagger
Missiles
 i - 20 poisoned darts (quivered)
 k - 43 arrows
Armour
 b - a +0 scale mail
 c - a +0 kite shield (worn)
 l - a +0 chain mail (worn)
 m - a +0 pair of boots (worn)
Scrolls
 e - 3 scrolls of identify
Potions
 g - a potion of resistance
 h - a potion of degeneration
 j - 2 potions of attraction


   Skills:
 + Level 4.1 Fighting
 + Level 0.3(1.6) Short Blades
 + Level 2.9 Long Blades
 + Level 4.4 Armour
 + Level 3.8 Shields


You had 3 spell levels left.
You didn't know any spells.
Your spell library contained the following spells:

 Spells                   Type           Power      Damage    Failure   Level
 Confusing Touch          Hex            0%         N/A       100%        3
 Gell's Gravitas          Tloc           0%         N/A       100%        3
 Petrify                  Tmut/Erth      0%         N/A       100%        4
 Metabolic Englaciation   Hex/Ice        0%         N/A       100%        5
 Yara's Violent Unravell  Hex/Tmut       0%         3d3       100%        5


Dungeon Overview and Level Annotations

Branches:
Dungeon (3/15)

Altars:
Ru

Shops:
D:2 =?

Annotations:
D:3 Sigmund


Innate Abilities, Weirdness & Mutations

You have a pair of small horns on your head.
You are somewhat resistant to further mutation.


Message History

Beogh accepts your kill. You block Sigmund's attack.
Sigmund points at himself and mumbles some strange words.
Sigmund flickers and vanishes!
Deactivating autopickup; reactivate with Ctrl-A.
Things that are here:
21 stones; a ball python corpse Your chain mail prevents you from hitting something.
Something hits you. x2
You miss something. Something hits you.
You closely miss something. Something hits you but does no damage.
You block something's attack.
You closely miss something. Something hits you.
You miss something. Something hits you. x2
You miss something. Something hits you but does no damage.
Something hits you but does no damage.
A magic dart appears from out of thin air!
The magic dart hits you but does no damage.
A magic dart appears from out of thin air!
The magic dart hits you but does no damage.
Something hits you but does no damage.
You closely miss something. Something hits you but does no damage.
You closely miss something. Something hits you.
Something hits you but does no damage.
You miss something. Something hits you but does no damage. Something hits you!
* * * LOW HITPOINT WARNING * * *
It was a potion of mutation.
You feel extremely strange. A pair of horns grows on your head!
You feel genetically stable. Something hits you but does no damage.
Okay, then.
You aren't carrying any items that you can evoke.
Okay, then.
You feel very mighty all of a sudden. Something hits you.
* * * LOW HITPOINT WARNING * * *
You miss something. Your headbutt misses something.
You hear some strange, mumbled words.
A magic dart appears from out of thin air!
The magic dart hits you!
You die...

#...#
#.'....)...'.......
###.#
#.'§§......'.######
########.#
#.#§≈⌠).⌠≈.###
.........#
#.#§≈≈o.≈≈.#
...#####.#
#.#........####
##.#####.#
#.####''####..#
##.......# #..#
#..###.#.###
##..###### ##.#
#......#...###
##..# #@#
####.#####.>..
##..###### ###{#
#...#...###
.........# #..5#
#.#.#..####
##.##.##.# #.###
#.(........
#.##.##.# #.#
#)#########
#.##.##.# #.####
#)# # #.##.##.#
#..#.# #.# #
#.##.##.. #..(.#
#.# # ..##.####
#.###5># #.# #


You could see an ufetubus.

Vanquished Creatures
  A gnoll shaman (D:3)
  An adder (D:2)
  A dart slug (D:1)
  2 orcs (D:3)
  4 ball pythons
  2 endoplasms
  2 giant cockroaches (D:1)
  A hobgoblin (D:2)
  5 jackals
  A quokka (D:1)
  5 bats
  A frilled lizard (D:3)
  5 goblins
  5 kobolds
  8 rats
44 creatures vanquished.

Vanquished Creatures (others)
  An orc priest (D:3)
  A quokka (D:3)
2 creatures vanquished.

Grand Total: 46 creatures vanquished

Notes
Turn   | Place    | Note
-------+----------+-------------------------------------------
     0 | D:1      | lightspider the Hill Orc Fighter began the quest for the
                  | Orb.
     0 | D:1      | Reached XP level 1. HP: 19/19 MP: 1/1
   276 | D:1      | Reached XP level 2. HP: 27/27 MP: 2/2
   767 | D:1      | Reached XP level 3. HP: 33/33 MP: 3/3
   903 | D:2      | Found a sacrificial altar of Ru.
  1066 | D:2      | Found a faded altar of an unknown god.
  1095 | D:2      | Found Bepiaraj's Magic Scroll Emporium.
  1114 | D:2      | Bought a scroll of identify for 20 gold pieces
  1114 | D:2      | Bought a scroll of identify for 20 gold pieces
  1114 | D:2      | Bought a scroll of identify for 20 gold pieces
  1305 | D:2      | Found Ipnozofi's Jewellery Shop.
  1660 | D:3      | Became a worshipper of Beogh the Brigand
  1696 | D:3      | Reached XP level 4. HP: 2/40 MP: 4/4
  2224 | D:3      | Noticed Sigmund
  2250 | D:3      | Gained mutation: You have a pair of small horns on your
                  | head. [potion of mutation]
  2250 | D:3      | Gained mutation: You are somewhat resistant to further
                  | mutation. [potion of mutation]
  2252 | D:3      | Killed from afar by Sigmund

Illustrated notes

Levels and vault maps discovered:
D:1:      lightli_arrival_maybe_door_vault, layout_rooms, roderic_roman_lattice
D:2:      layout_loops_ring, basic_altar, serial_shops, shop, shop,
          basic_ecumenical_altar, nrook_loot_triangle
D:3:      layout_loops_ring, st_stairs_7, kennysheep_generic_room_5,
          uniq_sigmund

Skill      XL: |  1  2  3 |
---------------+----------+-----
Fighting       | 4 |  4.1
Armour         | 4 |  4.4
Short Blades   | |  0.3
Long Blades    | |  2.9
Shields        | |  3.8

Action                   |  1- 3 |  4- 6 || total
-------------------------+-------+-------++-------
Melee: Long sword        |    82 |    14 ||    96
       Dagger            |    33 |       ||    33
Invok: Convert to Beogh  |     1 |       ||     1
  Use: Scroll            |     6 |       ||     6
       Potion            |     1 |     2 ||     3
Armor: Scale mail        |    33 |       ||    33
       Chain mail        |    16 |    11 ||    27
Dodge: Dodged            |    32 |     2 ||    34
Block: Kite shield       |    69 |     3 ||    72
       Rpst.: Long sword |     8 |     1 ||     9

Table legend: (Time is in decaauts)
 A = Elapsed time spent in this place.
 B = Non-inter-level travel time spent in this place.
 C = Inter-level travel time spent in this place.
 D = Time resting spent in this place.
 E = Time spent auto-exploring this place.
 F = Levels seen in this place.
 G = Mean time per level.
                   A        B        C        D        E       F      G
               +--------+--------+--------+--------+--------+-----+--------+
         Total |   2304 |   2251 |     53 |    471 |   1209 |   3 |  768.0 |
       Dungeon |   2304 |   2251 |     53 |    471 |   1209 |   3 |  768.0 |
               +--------+--------+--------+--------+--------+-----+--------+

Top non-repeatable levels by time:
     D:1: 817 daAuts
     D:2: 749 daAuts
     D:3: 736 daAuts
